AoeStats
← diekaiserwurst

Arabia

509944643Analyzed
1v1 RM · 3d ago on Sep 28, 2026· 54m 8s· 2 players
Game mode
Random Map
Map size
Tiny (2 player)
Population
200
Speed
Normal
Resources
Standard
Victory
Conquest
Starting age
Dark Age
Ending age
Imperial Age
RankedLock teamsTeams togetherTeam positionsShared explorationLock speedFull tech treeHidden civsTurbo modeCheats
Victory
Defeat
🇦🇹 Japanese · Austria
1172
+17
🇬🇷 Byzantines · Greece
1195
-17
diekaiserwurst
5:11 Loom
6:14 Loom
9:06 Feudal Age
10:52 Man-at-Arms
17:27 Fletching
22:48 Castle Age
22:13 Forging
22:03 Scale Mail Armor
21:55 Double-Bit Axe
22:29 Stone Mining
24:06 Bow Saw
26:31 Chain Mail Armor
27:08 Squires
26:56 Gambesons
27:28 Horse Collar
31:01 Arson
34:43 Wheelbarrow
35:22 Heavy Plow
35:18 Gold Mining
37:01 Pikeman
39:06 Hand Cart
42:41 Yasama
43:12 Bodkin Arrow
47:32 Imperial Age
48:48 Iron Casting
47:55 Elite Samurai
49:07 Plate Mail Armor
48:13 Halberdier
49:53 Gold Shaft Mining
50:55 Chemistry
50:41 Conscription
Alexmaximos
7:47 Loom
10:23 Feudal Age
12:30 Double-Bit Axe
12:29 Horse Collar
17:04 Double-Bit Axe
19:14 Fletching
24:35 Castle Age
25:19 Elite Skirmisher
26:20 Bow Saw
27:02 Wheelbarrow
26:29 Bodkin Arrow
26:35 Padded Archer Armor
27:44 Heavy Plow
30:33 Stone Mining
34:00 Hand Cart
33:57 Scale Barding Armor
38:14 Chain Barding Armor
38:33 Forging
43:20 Gold Mining
45:40 Husbandry
45:03 Light Cavalry
45:55 Husbandry
51:58 Imperial Age
Connection lost

Rejoining the realm…

Still unreachable

The connection could not be restored.

Session expired

The server has moved on; the page needs a fresh start.